 Dungeon Crawl Stone Soup version 0.30.1-4-g462c640d31 (webtiles) character file.

Game seed: 10035721820869032994

771 Bobit the Cudgeller (level 7, -1/56 HPs)
             Began as a Gnoll Reaver on Aug 13, 2023.
             Was a Follower of Okawaru.
             Slain by an iguana (6 damage)
             ... on level 4 of the Dungeon.
             The game lasted 00:08:03 (3645 turns).

Bobit the Cudgeller (Gnoll Reaver)                  Turns: 3645, Time: 00:08:04

Health: -1/56      AC: 19    Str: 13    XL:     7   Next: 83%
Magic:  15/15      EV:  4    Int: 13    God:    Okawaru [*.....]
Gold:   73         SH:  0    Dex: 10    Spells: 16/17 levels left

rFire   . . .        p - +2 mace (protect)
rCold   . . .        (no shield)
rNeg    . . .        i - +0 plate armour
rPois   .            q - +0 helmet
rElec   .            d - +0 cloak
rCorr   .            (no gloves)
SInv    .            j - +2 pair of boots
Will    .....        (no amulet) Stlth
                     (no ring)
HPRegen 0.29/turn    (no ring)
MPRegen 0.14/turn

%: no passive effects
@: corroded, under a protective aura
A: fangs 1, strong nose, distributed training
a: Renounce Religion, Heroism


You were on level 4 of the Dungeon.
You worshipped Okawaru.
Okawaru was aware of your devotion.
You visited 2 branches of the dungeon, and saw 7 of its levels.

You collected 217 gold pieces.
You spent 144 gold pieces at shops.

Inventory:

Hand Weapons
 a - a +0 mace
 p - a +2 mace of protection (weapon)
 r - the +5 dagger of the Ancients {speed, rPois SInv}
   (You found it on level 4 of the Dungeon)

   rPois:     It protects you from poison.
   SInv:      It lets you see invisible.
Armour
 b - a +0 leather armour
 d - a +0 cloak (worn)
 i - a +0 plate armour (worn)
 j - a +2 pair of boots (worn)
 q - a +0 helmet (worn)
Scrolls
 e - a scroll of vulnerability {unknown}
 g - a scroll of identify {unknown}
 h - a scroll of silence {unknown}
 l - 2 scrolls of amnesia {unknown}
 m - 2 scrolls of teleportation {unknown}
 n - a scroll of enchant weapon {unknown}
 o - a scroll of fear {unknown}
 s - a scroll of immolation {unknown}
 t - a scroll of poison {unknown}
Potions
 c - 4 potions of lignification {unknown}
 f - a potion of curing
 k - a potion of degeneration {unknown}


   Skills:
 + Level 5.4 Fighting
 + Level 2.8 Short Blades
 + Level 2.8 Long Blades
 + Level 2.8 Axes
 + Level 7.2 Maces & Flails
 + Level 2.8 Polearms
 + Level 2.8 Staves
 + Level 2.8 Ranged Weapons
 + Level 2.8 Throwing
 + Level 2.8 Armour
 + Level 5.4 Dodging
 + Level 2.8 Stealth
 + Level 2.8 Shields
 + Level 2.8 Unarmed Combat
 + Level 5.8 Spellcasting
 + Level 6.0 Conjurations
 + Level 2.3 Hexes
 + Level 2.3 Summonings
 + Level 2.3 Necromancy
 + Level 2.3 Translocations
 + Level 2.3 Transmutations
 + Level 2.3 Fire Magic
 + Level 2.3 Ice Magic
 + Level 2.3 Air Magic
 + Level 2.3 Earth Magic
 + Level 2.3 Poison Magic
 + Level 3.1 Invocations
 + Level 2.8 Evocations


You had 16 spell levels left.
You knew the following spells:

 Your Spells              Type           Power      Damage    Failure   Level
a - Kiss of Death         Conj/Necr      56%        2d9       99%         1

Your spell library contained the following spells:

 Spells                   Type           Power      Damage    Failure   Level
 Momentum Strike          Conj/Tloc      28%        3d8       100%        2
 Poisonous Vapours        Pois/Air       18%        N/A       100%        2
 Sublimation of Blood     Necr           9%         N/A       100%        2
 Hailstorm                Conj/Ice       14%        3d5       100%        3
 Mephitic Cloud           Conj/Pois/Air  13%        N/A       100%        3
 Petrify                  Tmut/Erth      9%         N/A       100%        4
 Freezing Cloud           Conj/Ice/Air   6%         6-21      100%        5
 Irradiate                Conj/Tmut      7%         3d14      100%        5


Dungeon Overview and Level Annotations

Branches:
Dungeon (6/15)             Temple (1/1) D:4

Altars:
Ashenzari
Cheibriados
Elyvilon
Fedhas
Gozag
Kikubaaqudgha
Makhleb
Okawaru
Qazlal
Ru
Sif Muna
Trog
Uskayaw

Shops:
D:3 (

Annotations:
D:6 Dowan, Duvessa


Innate Abilities, Weirdness & Mutations

You have very sharp teeth.
Your uncanny sense of smell can sniff out nearby items.
Your experience applies equally to all skills.


Message History

You kill the jelly!
Okawaru accepts your kill.
Your Conjurations skill increases to level 6!
You hit the iguana but do no damage. The iguana barely misses you.
You hit the iguana.
The iguana is moderately wounded.
The iguana bites you.
* * * LOW HITPOINT WARNING * * *
You feel better. The iguana bites you.
* * * LOW HITPOINT WARNING * * *
An iguana is nearby!
You feel better. The iguana bites you!
* * * LOW HITPOINT WARNING * * *
You hit the iguana but do no damage.
The iguana is moderately wounded.
The iguana bites you but does no damage.
You hit the iguana but do no damage. Your bite misses the iguana.
The iguana is moderately wounded.
The iguana barely misses you.
Your magical contamination has completely faded away.
You hit the iguana. Your bite misses the iguana.
The iguana is heavily wounded.
The iguana bites you but does no damage.
You completely miss the iguana.
The iguana is heavily wounded.
The iguana barely misses you.
You hit the iguana but do no damage. Your punch misses the iguana.
The iguana is heavily wounded.
The iguana completely misses you.
You hit the iguana but do no damage. Your bite misses the iguana.
The iguana is heavily wounded.
The iguana barely misses you.
You hit the iguana.
The iguana is severely wounded.
The iguana bites you!
* * * LOW HITPOINT WARNING * * *
You closely miss the iguana. Your bite misses the iguana.
The iguana is severely wounded.
The iguana bites you.
You die...

##.#######...........#
#....#.##............#
#.....................
##..................#. #####
##..##...8.8.8....... ##...#
##..##.#.⌠.⌠.⌠.......
#....###...##............... ###
###...##....##.....>.........
#.###....###....@l.......#.......
...####..........#.#.....##......
....###............##....##......
.....##..........................
..........#......................
#................................
##.##......#.....................
#..##......##....................
...#........##............#......


You could see an iguana.

Vanquished Creatures
  Sigmund (D:3)
  A black bear (D:4)
  3 phantoms
  A howler monkey (D:4)
  2 jellies
  An orc priest (D:3)
  A hound (D:5)
  Robin (D:3)
  4 adders
  2 dart slugs
  3 orcs
  3 bats
  8 endoplasms
  3 giant cockroaches
  13 goblins
  4 hobgoblins
  6 kobolds
  A quokka (D:4)
  6 ball pythons
  4 frilled lizards
  11 rats
79 creatures vanquished.

Notes
Turn   | Place    | Note
-------+----------+-------------------------------------------
     0 | D:1      | Bobit the Gnoll Reaver began the quest for the Orb.
     0 | D:1      | Reached XP level 1. HP: 20/20 MP: 6/6
   325 | D:1      | Reached XP level 2. HP: 26/26 MP: 7/7
   799 | D:2      | Reached skill level 5 in Spellcasting
   799 | D:2      | Reached XP level 3. HP: 25/31 MP: 7/9
   923 | D:2      | Reached skill level 1 in Invocations
  1123 | D:2      | Reached skill level 1 in Short Blades
  1123 | D:2      | Reached skill level 1 in Long Blades
  1123 | D:2      | Reached skill level 1 in Axes
  1123 | D:2      | Reached skill level 1 in Polearms
  1123 | D:2      | Reached skill level 1 in Staves
  1123 | D:2      | Reached skill level 1 in Ranged Weapons
  1123 | D:2      | Reached skill level 1 in Throwing
  1123 | D:2      | Reached skill level 1 in Armour
  1123 | D:2      | Reached skill level 1 in Stealth
  1123 | D:2      | Reached skill level 1 in Shields
  1123 | D:2      | Reached skill level 1 in Unarmed Combat
  1123 | D:2      | Reached skill level 1 in Evocations
  1759 | D:3      | Reached XP level 4. HP: 38/38 MP: 11/11
  1822 | D:3      | Found an iron altar of Okawaru.
  1822 | D:3      | Noticed Sigmund
  1839 | D:3      | Killed Sigmund
  1840 | D:3      | Reached skill level 1 in Hexes
  1840 | D:3      | Reached skill level 1 in Summonings
  1840 | D:3      | Reached skill level 1 in Necromancy
  1840 | D:3      | Reached skill level 1 in Translocations
  1840 | D:3      | Reached skill level 1 in Transmutations
  1840 | D:3      | Reached skill level 1 in Fire Magic
  1840 | D:3      | Reached skill level 1 in Ice Magic
  1840 | D:3      | Reached skill level 1 in Air Magic
  1840 | D:3      | Reached skill level 1 in Earth Magic
  1840 | D:3      | Reached skill level 1 in Poison Magic
  1840 | D:3      | Reached XP level 5. HP: 24/43 MP: 12/12
  1840 | D:3      | Reached XP level 6. HP: 28/50 MP: 13/13
  1920 | D:3      | Became a worshipper of Warmaster Okawaru
  1964 | D:3      | Found Pofeos's Antique Weapon Shop.
  1970 | D:3      | Bought a glowing mace for 144 gold pieces
  2104 | D:3      | Reached skill level 5 in Fighting
  2104 | D:3      | Reached skill level 5 in Dodging
  2125 | D:3      | Noticed Robin
  2133 | D:3      | Killed Robin
  2639 | D:4      | Found a staircase to the Ecumenical Temple.
  2685 | Temple   | Entered the Ecumenical Temple
  2967 | D:4      | Identified the +5 dagger of the Ancients {speed, rPois
                  | SInv}
  2985 | D:4      | Noticed a black bear
  3003 | D:4      | Killed a black bear
  3003 | D:4      | Reached * piety under Okawaru
  3004 | D:4      | Reached skill level 7 in Maces & Flails
  3004 | D:4      | Reached XP level 7. HP: 50/56 MP: 15/15
  3310 | D:5      | Entered Level 5 of the Dungeon
  3411 | D:5      | Found a snail-covered altar of Cheibriados.
  3594 | D:6      | Noticed Duvessa
  3594 | D:6      | Noticed Dowan
  3645 | D:4      | Slain by an iguana

Illustrated notes

Levels and vault maps discovered:
D:1:      sevenhm_arrival_forest_fort_small_6, layout_basic,
          minmay_strange_pillars
D:2:      cheibrodos_helix_gallery, layout_loops_corners
D:3:      layout_loops_ring, okawaru_ov_weapons_minmay, serial_shops, shop,
          chequers_big_river, uniq_sigmund, uniq_robin
D:4:      layout_cave_pools, minmay_temple_entry_drinking_statues
D:5:      minmay_thinvault, layout_gridville, kennysheep_slug_shrine,
          serial_rivers, chequers_serial_rivers_micro_d,
          chequers_serial_rivers_small_a, chequers_serial_rivers_micro_a,
          chequers_serial_rivers_room_a
D:6:      layout_loops_corners, dk_rats_in_the_wall, uniq_pikel, uniq_duvessa,
          uniq_blork_the_orc
Temple:   chequers_temple_sunken

Skill      XL: |  1  2  3  4  5  6  7 |
---------------+----------------------+-----
Spellcasting   | 5 |  5.8
Invocations    | 1 2 3 |  3.1
Short Blades   | 1 2 |  2.8
Long Blades    | 1 2 |  2.8
Axes           | 1 2 |  2.8
Polearms       | 1 2 |  2.8
Staves         | 1 2 |  2.8
Ranged Weapons | 1 2 |  2.8
Throwing       | 1 2 |  2.8
Armour         | 1 2 |  2.8
Stealth        | 1 2 |  2.8
Shields        | 1 2 |  2.8
Unarmed Combat | 1 2 |  2.8
Evocations     | 1 2 |  2.8
Hexes          | 1 2 |  2.3
Summonings     | 1 2 |  2.3
Necromancy     | 1 2 |  2.3
Translocations | 1 2 |  2.3
Transmutations | 1 2 |  2.3
Fire Magic     | 1 2 |  2.3
Ice Magic      | 1 2 |  2.3
Air Magic      | 1 2 |  2.3
Earth Magic    | 1 2 |  2.3
Poison Magic   | 1 2 |  2.3
Fighting       | 5 |  5.4
Dodging        | 5 |  5.4
Maces & Flails | 7 |  7.2
Conjurations   | 6 |  6.0

Action                     |  1- 3 |  4- 6 |  7- 9 || total
---------------------------+-------+-------+-------++-------
  Melee: Mace              |   130 |   117 |    72 ||   319
         Bite              |     9 |    16 |     9 ||    34
         Dagger            |       |    15 |       ||    15
         Punch             |       |     1 |     3 ||     4
    Use: Potion            |     1 |       |     3 ||     4
   Stab: Sleeping          |     1 |       |       ||     1
 Armour: Leather armour    |     9 |       |       ||     9
         Plate armour      |    88 |   101 |    57 ||   246
  Dodge: Dodged            |    31 |    18 |    21 ||    70
